 Dungeon Sprint DCSS version 0.24-a0-618-ge4662a2d14 (webtiles) character file.

Game seed: 441417188023803513, levelgen mode: deterministic

7 MordorOrchid the Insei (level 2, -6/14 HPs)
             Began as a Vine Stalker Transmuter on Sept 15, 2019.
             Mangled by a worker ant (7 damage)
             ... in the Dungeon (Sprint IX: "|||||||||||||||||||||||||||||").
             The game lasted 00:01:12 (171 turns).

MordorOrchid the Insei (Vine Stalker Transmuter)     Turns: 171, Time: 00:01:12

Health: -6/14      AC:  2    Str: 12    XL:     2   Next: 0%
Magic:  0/6        EV: 12    Int: 13    God:
Gold:   0          SH:  0    Dex: 14    Spells: 4/5 levels left

rFire    . . .     SeeInvis .     - Unarmed
rCold    . . .     Gourm    .   (no shield)
rNeg     . . .     Faith    .   b - +0 robe
rPois    .         Spirit   +   (no helmet)
rElec    .         Reflect  .   (no cloak)
rCorr    .         Harm     .   (no gloves)
MR       .....     NoTele   +   (no boots)
Stlth    +.........             (no amulet)
HPRegen  0.04/turn              (no ring)
MPRegen  0.10/turn              (no ring)

@: lethally poisoned (-6 -> -17), appendage (expiring), very slightly
contaminated
A: fangs 2, horns 2, magic shield, antimagic bite, no potion heal 3, rot
immunity
a: End Transformation


You were in the Dungeon.
You were not hungry.
You had grown temporary horns.
You visited 1 branch

Inventory:

Missiles
 a - 12 arrows
Armour
 b - a +0 robe (worn)
Scrolls
 j - a scroll of blinking
Potions
 f - a potion of heal wounds
 g - a potion of haste
 h - 2 potions of magic
 i - a potion of berserk rage
Comestibles
 c - a chunk of flesh
 d - a ration


   Skills:
 * Level 1.6 Fighting
 * Level 2.2 Dodging
 * Level 0.1 Stealth
 + Level 4.0 Unarmed Combat
 + Level 2.2 Spellcasting
 + Level 2.0 Transmutations


You had 4 spell levels left.
You knew the following spells:

 Your Spells              Type           Power        Failure   Level  Hunger
a - Beastly Appendage     Tmut           #.....       11%         1    ##.....

Your spell library contained the following spells:

 Spells                   Type           Power        Failure   Level  Hunger
 Sticks to Snakes         Tmut           #.......     17%         2    ###....
 Spider Form              Tmut/Pois      #.........   45%         3    ####...
 Ice Form                 Ice/Tmut       #.......     86%         4    #####..
 Blade Hands              Tmut           #.........   97%         5    ######.


Dungeon Overview and Level Annotations

Branches:
Dungeon (1/1)

Altars:


Innate Abilities, Weirdness & Mutations

You have extremely sharp teeth.
When hurt, damage is shared between your health and your magic reserves.
Your bite disrupts and absorbs the magic of your enemies.
Potions cannot restore your health.
You are immune to rotting.
You have a pair of horns on your head.


Message History

You bite the worker ant, but do no damage.
The worker ant is lightly wounded.
The worker ant bites you.
You hit the worker ant but do no damage.
Your punch misses the worker ant.
The worker ant is lightly wounded.
The worker ant closely misses you.
You hit the worker ant but do no damage.
The worker ant is lightly wounded.
The worker ant bites you!
* * * LOW HITPOINT WARNING * * *
You are lethally poisoned!
The worker ant poisons you!
Unknown command.
Your system rejects the healing.
You feel better. The worker ant bites you.
* * * LOW HITPOINT WARNING * * *
You are lethally poisoned!
The worker ant poisons you! The worker ant bites you!
Ouch! That really hurt!
You die...

▓.▓
▓.▓
▓.▓
▓)▓
▓.▓
▓.▓
▓.▓
▓.▓
▓@▓
▓a▓
▓Y▓
▓Y▓
▓c▓
▓.▓
▓.▓
▓+▓


You could see an ice beast, a sky beast, a centaur and a worker ant.

Vanquished Creatures
  2 bats (D)
  A goblin (D)
  A hobgoblin (D)
  A jackal zombie (D)
  A rat (D)
6 creatures vanquished.

Notes
Turn   | Place    | Note
-------+----------+-------------------------------------------
     0 | D        | MordorOrchid the Vine Stalker Transmuter began the quest
                  | for the Orb.
     0 | D        | Reached XP level 1. HP: 9/9 MP: 4/4
     8 | D        | Reached skill level 1 in Fighting
   161 | D        | Noticed a worker ant
   161 | D        | Noticed an ice beast
   161 | D        | Noticed a sky beast
   161 | D        | Noticed a centaur
   164 | D        | Reached skill level 4 in Unarmed Combat
   164 | D        | Reached XP level 2. HP: 14/14 MP: 6/6
   171 | D        | Mangled by a worker ant

Levels and vault maps discovered:
D:        linesprint [early_d, line_temple, items_1, d_10, items_2, lair_1,
          lair_end, items_3, orc_1, orc_end, items_4, d_15, swamp_1, shoals_1,
          snake_1, spider_1, d_20, vaults_1, items_5, swamp_end, shoals_end,
          snake_end, spider_end, vaults_end, d_27, items_6, zot_1, zot_end,
          crypt_end, forest_end, elf_end, slime_end, tomb_end, abyss_end,
          pan_hell_end]

Skill      XL: |  1 |
---------------+----+-----
Fighting       | 1 |  1.6
Dodging        | 2 |  2.2
Unarmed Combat | 4 |  4.0
Stealth        | |  0.1
Spellcasting   | |  2.2
Transmutations | |  2.0

Action                   || total
-------------------------++-------
Melee: Unarmed           ||    31
       Headbutt          ||     6
       Bite              ||     6
 Cast: Beastly Appendage ||     2
  Use: Potion            ||     1
Armor: Robe              ||     8
Dodge: Dodged            ||    14

Table legend:
 A = Non-vault XP
 B = Vault XP
 C = Vault XP percentage of total XP
 D = Non-vault monster count
 E = Vault monster count
 F = Vault count percentage of total count
                 A         B        C        D         E       F
            +---------+---------+-------+---------+---------+-------
      Total |       0 |      10 | 100.0 |       0 |       6 | 100.0
            +---------+---------+-------+---------+---------+-------
          D |       0 |      10 | 100.0 |       0 |       6 | 100.0
            +---------+---------+-------+---------+---------+-------
